AoeStats
← TheJack.777

Arena

510458211Analyzed
1v1 RM · 2d ago on Oct 1, 2026· 40m 41s· 2 players
Game mode
Random Map
Map size
Tiny (2 player)
Population
200
Speed
Normal
Resources
Standard
Victory
Conquest
Starting age
Dark Age
Ending age
Imperial Age
RankedLock teamsTeams togetherTeam positionsShared explorationLock speedFull tech treeHidden civsTurbo modeCheats
Victory
Defeat
🇨🇱 Huns · Chile
887
+15
🇨🇴 Bengalis · Colombia
857
-15
msaavedra_ucaya
3:04 Loom
9:48 Feudal Age
12:17 Wheelbarrow
12:36 Horse Collar
12:43 Double-Bit Axe
19:08 Castle Age
17:14 Gold Mining
25:54 Imperial Age
23:42 Hand Cart
27:38 Fletching
29:03 Bodkin Arrow
29:08 Padded Archer Armor
29:33 Ballistics
31:32 Bracer
31:47 Leather Archer Armor
32:13 Paiks
33:14 Chemistry
32:23 Scale Barding Armor
33:17 Murder Holes
35:07 Chain Barding Armor
35:01 Bloodlines
34:51 Husbandry
35:27 Ring Archer Armor
36:42 Plate Barding Armor
40:14 Forging
40:04 Scale Mail Armor
TheJack.777
10:50 Feudal Age
9:57 Loom
11:56 Double-Bit Axe
12:10 Gold Mining
15:07 Castle Age
13:16 Horse Collar
16:31 Bow Saw
16:35 Heavy Plow
16:59 Town Watch
19:13 Sanctity
20:52 Wheelbarrow
25:34 Gold Shaft Mining
24:50 Stone Mining
26:32 Hand Cart
26:25 Town Patrol
27:12 Masonry
27:06 Husbandry
27:19 Bloodlines
27:54 Scale Barding Armor
28:00 Forging
31:22 Imperial Age
29:58 Chain Barding Armor
30:14 Iron Casting
31:15 Marauders
33:05 Plate Barding Armor
33:31 Blast Furnace
32:23 Fletching
33:07 Conscription
33:53 Elite Tarkan
38:46 Bodkin Arrow
40:38 Chemistry
39:58 Ballistics
Connection lost

Rejoining the realm…

Still unreachable

The connection could not be restored.

Session expired

The server has moved on; the page needs a fresh start.